 Dungeon Crawl Stone Soup version 0.29.1-2-gbd0b4ee654 (webtiles) character file.

Game seed: 7779548309254436392

175 eriqlaplus the Poker (level 5, 30/30 HPs)
             Began as a Tengu Warper on Nov 1, 2022.
             Quit the game in the Ecumenical Temple on Nov 2, 2022.
             The game lasted 00:15:06 (4641 turns).

eriqlaplus the Poker (Tengu Warper)                 Turns: 4641, Time: 00:15:07

Health: 30/30      AC:  4    Str: 13    XL:     5   Next: 55%
Magic:  9/9        EV: 14    Int: 13    God:
Gold:   140        SH:  0    Dex: 14    Spells: 3/8 levels left

rFire   . . .      SeeInvis .   a - +0 spear
rCold   . . .      Faith    .   (no shield)
rNeg    . . .      Spirit   .   b - +0 leather armour
rPois   .          Reflect  .   (helmet restricted)
rElec   .          Harm     .   q - +0 cloak
rCorr   .          Rampage  .   (no gloves)
Will    .....                   (boots unavailable)
Stlth   +.........              (no amulet)
HPRegen 0.10/turn               (no ring)
MPRegen 0.11/turn               (no ring)

@: flying quickly and evasively, quick
A: beak, talons 3, nimble flight
a: no special abilities


You were in the Ecumenical Temple.
You visited 2 branches of the dungeon, and saw 6 of its levels.

You collected 140 gold pieces.

Inventory:

Hand Weapons
 a - a +0 spear (weapon)
Missiles
 d - 7 boomerangs of dispersal (quivered)
 n - 5 boomerangs
Armour
 b - a +0 leather armour (worn)
 f - a +0 leather armour
 q - a +0 cloak (worn)
Wands
 s - a wand of roots (10)
Scrolls
 c - 3 scrolls of blinking
 e - 2 scrolls of identify {unknown}
 g - a scroll of fear {unknown}
 h - a scroll of magic mapping {unknown}
 j - a scroll of amnesia {unknown}
 k - 2 scrolls of enchant armour {unknown}
 m - a scroll of poison {unknown}
 o - a scroll of butterflies {unknown}
 r - a scroll of immolation {unknown}
Potions
 i - a potion of curing {unknown}
 l - a potion of heal wounds {unknown}
 p - a potion of lignification {unknown}


   Skills:
 + Level 2.3 Fighting
 + Level 4.0 Polearms
 + Level 1.0 Throwing
 + Level 3.1 Armour
 + Level 2.7 Dodging
 + Level 0.5 Stealth
 + Level 2.3 Spellcasting
 + Level 2.8 Translocations


You had 3 spell levels left.
You knew the following spells:

 Your Spells              Type           Power      Damage    Failure   Level
a - Gell's Gravitas       Tloc           8%         N/A       28%         3
b - Blink                 Tloc           16%        N/A       14%         2

Your spell library contained the following spells:

 Spells                   Type           Power      Damage    Failure   Level
 Apportation              Tloc           16%        N/A       10%         1
 Lesser Beckoning         Tloc           8%         N/A       28%         3
 Teleport Other           Tloc           8%         N/A       28%         3
 Necrotise                Necr           4%         1d4       30%         1
 Summon Small Mammal      Summ           4%         N/A       30%         1
 Manifold Assault         Tloc           8%         N/A       95%         5
 Cause Fear               Hex            0%         N/A       97%         4
 Dragon Form              Tmut           0%         N/A       100%        7
 Storm Form               Tmut/Air       0%         N/A       100%        7
 Dragon's Call            Summ           0%         N/A       100%        9


Dungeon Overview and Level Annotations

Branches:
Dungeon (5/15)             Temple (1/1) D:5

Altars:
Cheibriados
Dithmenos
Elyvilon
Gozag
Hepliaklqana
Makhleb
Nemelex Xobeh
Okawaru
Qazlal
Ru
Sif Muna
Trog
Uskayaw
Vehumet
Wu Jian
Xom
Zin

Shops:
D:3 [

Annotations:
D:3 3 runed translucent doors, Nerdsrcool's ghost, amateur MfCK


Innate Abilities, Weirdness & Mutations

You have a beak for a mouth.
You have claws for feet.
Your magical nature lets you fly swiftly and evasively.


Message History

You are too injured to fight recklessly!
You hit the adder.
You kill the adder!
You feel sick.
Your Polearms skill increases to level 4!
You start resting.
You feel sick. x4
You are no longer poisoned.
You start resting.
HP restored.
You start waiting.
Done waiting.
Found a staircase to the Ecumenical Temple.
There is a staircase to the Ecumenical Temple here.
There is a staircase to the Ecumenical Temple here.
You fly downwards.
Welcome to the Ecumenical Temple!
Found eight altars.
There is a staircase back to the Dungeon here.
There is a stormy altar of Qazlal here.
Found a glowing silver altar of Zin.
Found a shimmering blue altar of Sif Muna.
Found a radiant altar of Vehumet.
There is a bloodstained altar of Trog here.
There is a hide-covered altar of Uskayaw here.
Found a shimmering altar of Xom.
Found a sacrificial altar of Ru.
There is a sacrificial altar of Ru here.
Found an iron altar of Okawaru.
Found a shadowy altar of Dithmenos.
There is an ornate altar of the Wu Jian Council here.
Found a burning altar of Makhleb.
There is a white marble altar of Elyvilon here.
There is a staircase back to the Dungeon here.
There is a hide-covered altar of Uskayaw here.
Found a hazy altar of Hepliaklqana.
There is a stormy altar of Qazlal here.
There is a staircase back to the Dungeon here.
There is a snail-covered altar of Cheibriados here.
You hover solemnly before the altar of Cheibriados.
You hover solemnly before the altar of Cheibriados.
Are you sure you want to abandon this character and quit the game? (Confirm with "yes".)

##...####...# ##.#.#.##.####
##.##.##..## ##.###.###.## #####
####.## #.##.#.#### ### #...#
#...## #.##.##...# ..# #._.#
#._.# ##.#.# #._.# ._.#
#...####...# #...# #...## #..
####.##.###.# #.@.# #.###.##.#
##..### #.##...##.# ##..# #.#..##
#.##.##.# #..#.##
####.####.####.#.#.####.####.####
#...######...##...##...######...#
#._........_....<...._........_.#
#...######...##...##...######...#
####.####.####.#.#.####.# .####
##.#..# ##.##.##.# #.. .#


There were no monsters in sight!

Vanquished Creatures
  A scorpion (D:5)
  A hound (D:5)
  An adder (D:5)
  3 worms
  3 dart slugs
  4 orcs (D:2)
  6 ball pythons
  7 endoplasms
  2 giant cockroaches
  6 goblins
  7 hobgoblins
  2 jackals (D:2)
  3 bats
  3 frilled lizards
  3 kobolds
  8 rats
60 creatures vanquished.

Vanquished Creatures (others)
  3 fungi (D:3)
  4 plants
7 creatures vanquished.

Grand Total: 67 creatures vanquished

Notes
Turn   | Place    | Note
-------+----------+-------------------------------------------
     0 | D:1      | eriqlaplus the Tengu Warper began the quest for the Orb.
     0 | D:1      | Reached XP level 1. HP: 12/12 MP: 4/4
   111 | D:1      | Found a faded altar of an unknown god.
   131 | D:1      | Reached XP level 2. HP: 15/17 MP: 6/6
   490 | D:1      | Reached XP level 3. HP: 7/21 MP: 7/7
   709 | D:1      | Learned a level 3 spell: Gell's Gravitas
  1799 | D:2      | Reached skill level 3 in Polearms
  2679 | D:2      | Learned a level 2 spell: Blink
  2727 | D:3      | Reached XP level 4. HP: 26/26 MP: 8/8
  3141 | D:3      | Found Lautul's Armour Shop.
  3382 | D:3      | Found a runed translucent gate.
  3407 | D:3      | Noticed a kobold brigand
  3408 | D:3      | Found a runed translucent gate.
  3409 | D:3      | Noticed Nerdsrcool's ghost (amateur MfCK)
  3412 | D:3      | Found a runed translucent gate.
  3760 | D:4      | You fall into a shaft and drop 1 floor!
  3760 | D:5      | Entered Level 5 of the Dungeon
  3985 | D:5      | Noticed a scorpion
  3996 | D:5      | Killed a scorpion
  3997 | D:5      | Gained mutation: Your magical nature lets you fly swiftly
                  | and evasively. [Tengu growth]
  3997 | D:5      | Reached XP level 5. HP: 11/30 MP: 4/9
  4159 | D:5      | Reached skill level 4 in Polearms
  4482 | D:5      | Found a staircase to the Ecumenical Temple.
  4492 | Temple   | Entered the Ecumenical Temple
  4641 | Temple   | Quit the game

Illustrated notes

Levels and vault maps discovered:
D:1:      dpeg_arrival_ratfight, layout_rooms, ebering_ecumenical_altar_hall
D:2:      layout_basic, serial_forest, infiniplex_forest_clump_medium,
          infiniplex_forest_straight_1, infiniplex_forest_diagonal,
          infiniplex_forest_straight_1, infiniplex_forest_clump_cross,
          infiniplex_forest_lined_room_3, infiniplex_forest_lined_4_way
D:3:      layout_rooms, gammafunk_ghost_nasty_kobolds, serial_shops,
          shop_statue, grunt_decor_one_mirror
D:4:      layout_layer_cave, kennysheep_mini, grunt_ministairs_6,
          grunt_decor_fettered, small_statue_intersection, uniq_menkaure,
          uniq_grinder
D:5:      layout_cave_pods, lemuel_zombie_altar_yredelemnul,
          minmay_temple_entry_large_hall, chequers_serial_rivers_micro_a
Temple:   eino_narrow_crystal_temple

Skill      XL: |  1  2  3  4  5 |
---------------+----------------+-----
Polearms       | 3 4 |  4.0
Armour         | 2 3 |  3.1
Fighting       | |  2.3
Throwing       | |  1.0
Dodging        | |  2.7
Stealth        | |  0.5
Spellcasting   | |  2.3
Translocations | |  2.8

Action                   |  1- 3 |  4- 6 || total
-------------------------+-------+-------++-------
Melee: Spear             |   134 |    58 ||   192
       Kick              |    29 |    15 ||    44
       Peck              |    18 |     9 ||    27
 Cast: Blink             |       |     2 ||     2
Armor: Leather armour    |    35 |     6 ||    41
Dodge: Dodged            |    67 |    11 ||    78
